 Dungeon Crawl Stone Soup version 0.29-a0-352-g0917bc69df (webtiles) character file.

Game seed: 8981794492689071419

73 101zpm the Gusty (level 4, -2/32 HPs)
             Began as a Gnoll Air Elementalist on Apr 24, 2022.
             Slain by an orc wizard
             ... wielding a +0 dagger
              (3 damage)
             ... on level 3 of the Dungeon.
             The game lasted 00:02:56 (1569 turns).

101zpm the Gusty (Gnoll Air Elementalist)           Turns: 1569, Time: 00:02:57

Health: -2/32      AC:  2    Str:  7    XL:     4   Next: 27%
Magic:  9/11       EV: 13    Int: 17    God:
Gold:   18         SH:  0    Dex: 12    Spells: 12/13 levels left

rFire   . . .      SeeInvis .     - Unarmed
rCold   . . .      Faith    .   (no shield)
rNeg    . . .      Spirit   .   a - +0 robe
rPois   .          Reflect  .   (no helmet)
rElec   .          Harm     .   (no cloak)
rCorr   .          Rampage  .   (no gloves)
Will    .....                   (no boots)
Stlth   +.........              (no amulet)
HPRegen 0.10/turn               (no ring)
MPRegen 0.12/turn               (no ring)

@: confused
A: fangs 1, strong nose, distributed training
a: no special abilities


You were on level 3 of the Dungeon.
You visited 1 branch of the dungeon, and saw 3 of its levels.

You collected 18 gold pieces.

Inventory:

Armour
 a - a +0 robe (worn)
Jewellery
 c - an amulet of guardian spirit
Scrolls
 f - a scroll of fear {unknown}
 g - a scroll of amnesia {unknown}
 h - 2 scrolls of identify {unknown}
 i - a scroll of fog {unknown}
Potions
 b - a potion of magic
 d - a potion of heal wounds {unknown}
 e - a potion of brilliance {unknown}


   Skills:
 + Level 1.1 Fighting
 + Level 1.1 Short Blades
 + Level 1.1 Long Blades
 + Level 1.1 Axes
 + Level 1.1 Maces & Flails
 + Level 1.1 Polearms
 + Level 1.1 Staves
 + Level 1.1 Slings
 + Level 1.1 Bows
 + Level 1.1 Crossbows
 + Level 1.1 Throwing
 + Level 1.1 Armour
 + Level 4.6 Dodging
 + Level 4.2 Stealth
 + Level 1.1 Shields
 + Level 1.1 Unarmed Combat
 + Level 5.0 Spellcasting
 + Level 2.2 Conjurations
 + Level 0.8 Hexes
 + Level 0.8 Summonings
 + Level 0.8 Necromancy
 + Level 0.8 Translocations
 + Level 0.8 Transmutations
 + Level 0.8 Fire Magic
 + Level 0.8 Ice Magic
 + Level 5.4 Air Magic
 + Level 0.8 Earth Magic
 + Level 0.8 Poison Magic
 + Level 1.2 Invocations
 + Level 1.1 Evocations


You had 12 spell levels left.
You knew the following spells:

 Your Spells              Type           Power      Damage    Failure   Level
a - Shock                 Conj/Air       68%        1d7       3%          1

Your spell library contained the following spells:

 Spells                   Type           Power      Damage    Failure   Level
 Static Discharge         Conj/Air       17%        N/A       4%          2
 Swiftness                Air            22%        N/A       4%          3
 Airstrike                Air            11%        N/A       14%         4


Dungeon Overview and Level Annotations

Branches:
Dungeon (3/15)

Altars:

Shops:
D:3 [


Innate Abilities, Weirdness & Mutations

You have very sharp teeth.
Your uncanny sense of smell can sniff out nearby items.
Your experience applies equally to all skills.


Message History

Aiming: Shock (safe; 3% risk of failure)
Press: ? - help, Shift-Dir - straight line You start resting.
Something hits you.
You hit something. Your bite misses something. Something hits you.
You closely miss something.
You hear some strange, mumbled words.
You are confused.
You're too confused to cast spells.
You're too confused to cast spells.
Sorry, you're not good enough to have a special ability.
You're too confused to cast spells.
Sorry, you're not good enough to have a special ability.
Unknown command.
You're too confused to cast spells.
Sorry, you're not good enough to have a special ability.
You're too confused to cast spells.
You bump into the rock wall.
Something hits you.
You barely miss something. Something hits you.
You bump into the rock wall.
Something completely misses you.
You closely miss something.
You hear some strange, mumbled words.
You are more confused.
You bump into the rock wall.
Something hits you.
You bump into the rock wall.
Something hits you.
You hear some strange, mumbled words.
A magic dart appears from out of thin air!
The magic dart hits you.
* * * LOW HITPOINT WARNING * * *
You closely miss something. Something hits you.
* * * LOW HITPOINT WARNING * * *
You bump into the rock wall.
Something barely misses you.
You bump into the rock wall.
You hear some strange, mumbled words.
A puff of flame appears from out of thin air!
The puff of flame misses you.
You closely miss something. Something hits you.
* * * LOW HITPOINT WARNING * * *
You miss something. Your bite misses something. Something hits you.
You die...

##.### #....
#.####..###.#.
#.....<.......
######..#.####
#......##
#.###.## #∩##
#@{# ###.# #.#
... ..# ∆ .#
.#


There were no monsters in sight!

Vanquished Creatures
  5 adders
  A worm (D:2)
  A dart slug (D:2)
  An orc (D:3)
  An endoplasm (D:2)
  A giant cockroach (D:2)
  A goblin (D:3)
  3 hobgoblins
  A quokka (D:3)
  2 ball pythons (D:2)
  A bat (D:2)
  A frilled lizard (D:2)
  2 kobolds (D:2)
  7 rats (D:2)
28 creatures vanquished.

Notes
Turn   | Place    | Note
-------+----------+-------------------------------------------
     0 | D:1      | 101zpm the Gnoll Air Elementalist began the quest for the
                  | Orb.
     0 | D:1      | Reached XP level 1. HP: 13/13 MP: 6/6
    35 | D:3      | Reached XP level 2. HP: 20/20 MP: 2/7
   156 | D:3      | Reached XP level 3. HP: 25/25 MP: 1/9
   300 | D:2      | Reached skill level 5 in Spellcasting
   481 | D:2      | Reached skill level 1 in Invocations
  1066 | D:2      | Reached skill level 1 in Fighting
  1066 | D:2      | Reached skill level 1 in Short Blades
  1066 | D:2      | Reached skill level 1 in Long Blades
  1066 | D:2      | Reached skill level 1 in Axes
  1066 | D:2      | Reached skill level 1 in Maces & Flails
  1066 | D:2      | Reached skill level 1 in Polearms
  1066 | D:2      | Reached skill level 1 in Staves
  1066 | D:2      | Reached skill level 1 in Slings
  1066 | D:2      | Reached skill level 1 in Bows
  1066 | D:2      | Reached skill level 1 in Crossbows
  1066 | D:2      | Reached skill level 1 in Throwing
  1066 | D:2      | Reached skill level 1 in Armour
  1066 | D:2      | Reached skill level 1 in Shields
  1066 | D:2      | Reached skill level 1 in Unarmed Combat
  1066 | D:2      | Reached skill level 1 in Evocations
  1162 | D:2      | Reached XP level 4. HP: 32/32 MP: 4/11
  1455 | D:3      | Found Sezabia's Antique Armour Shoppe.
  1568 | D:3      | HP: 1/32 [something (4)]
  1569 | D:3      | Slain by an orc wizard

Illustrated notes

Levels and vault maps discovered:
D:1:      dpeg_arrival_houses_and_road, layout_basic,
          shapermc_ecumenical_altar_mp_ritualfount
D:2:      layout_basic
D:3:      layout_loops_ring, serial_shops, shop, uniq_robin, uniq_sigmund

Skill      XL: |  1  2  3 |
---------------+----------+-----
Conjurations   | 2 |  2.2
Spellcasting   | 5 |  5.0
Invocations    | 1 |  1.2
Fighting       | 1 |  1.1
Short Blades   | 1 |  1.1
Long Blades    | 1 |  1.1
Axes           | 1 |  1.1
Maces & Flails | 1 |  1.1
Polearms       | 1 |  1.1
Staves         | 1 |  1.1
Slings         | 1 |  1.1
Bows           | 1 |  1.1
Crossbows      | 1 |  1.1
Throwing       | 1 |  1.1
Armour         | 1 |  1.1
Shields        | 1 |  1.1
Unarmed Combat | 1 |  1.1
Evocations     | 1 |  1.1
Dodging        | |  4.6
Stealth        | |  4.2
Hexes          | |  0.8
Summonings     | |  0.8
Necromancy     | |  0.8
Translocations | |  0.8
Transmutations | |  0.8
Fire Magic     | |  0.8
Ice Magic      | |  0.8
Air Magic      | |  5.4
Earth Magic    | |  0.8
Poison Magic   | |  0.8

Action                   |  1- 3 |  4- 6 || total
-------------------------+-------+-------++-------
Melee: Unarmed           |       |     7 ||     7
 Cast: Shock             |    59 |    10 ||    69
Armor: Robe              |     1 |       ||     1
Dodge: Dodged            |     2 |     5 ||     7

Table legend: (Time is in decaauts)
 A = Elapsed time spent in this place.
 B = Non-inter-level travel time spent in this place.
 C = Inter-level travel time spent in this place.
 D = Time resting spent in this place.
 E = Time spent auto-exploring this place.
 F = Levels seen in this place.
 G = Mean time per level.
                   A        B        C        D        E       F      G
               +--------+--------+--------+--------+--------+-----+--------+
         Total |   1569 |   1517 |     52 |    218 |   1169 |   3 |  523.0 |
       Dungeon |   1569 |   1517 |     52 |    218 |   1169 |   3 |  523.0 |
               +--------+--------+--------+--------+--------+-----+--------+

Top non-repeatable levels by time:
     D:2: 1299 daAuts
     D:3: 244 daAuts
     D:1: 26 daAuts
